 Dungeon Crawl Stone Soup version 0.28.0-1-gb440e238dd (webtiles) character file.

Game seed: 8679177804334996120

9682 issech the Basher (level 11, -8/98 HPs)
             Began as a Troll Monk on Feb 20, 2022.
             Was a Priest of Hepliaklqana.
             Mangled by a molten gargoyle (10 damage)
             ... on level 9 of the Dungeon.
             The game lasted 00:42:04 (10121 turns).

issech the Basher (Troll Monk)                     Turns: 10121, Time: 00:42:06

Health: -8/98      AC: 12    Str: 27    XL:     11   Next: 26%
Magic:  10/10      EV: 16    Int:  6    God:    Hepliaklqana [***...]
Gold:   273        SH:  7    Dex: 16    Spells: 10/10 levels left

rFire   . . .      SeeInvis .   n - +2 flail (protect)
rCold   . . .      Faith    .   m - +0 kite shield
rNeg    . . .      Spirit   .   b - +1 robe
rPois   .          Reflect  .   (helmet restricted)
rElec   .          Harm     .   (no cloak)
rCorr   .          Rampage  .   (gloves unavailable)
Will    .....                   (boots unavailable)
Stlth   ++........              D - amulet of the acrobat
HPRegen 1.06/turn               d - +6 ring of strength
MPRegen 0.12/turn               P - +4 ring of evasion

@: under a protective aura
A: reduced essence, large, unfitting armour, claws 3, regeneration 1, shaggy fur
1, tough skin 1
a: Renounce Religion, Recall Ancestor, Ancestor Identity, Transference


You were on level 9 of the Dungeon.
You worshipped Hepliaklqana.
Hepliaklqana was most pleased with you.
You visited 2 branches of the dungeon, and saw 11 of its levels.

You collected 468 gold pieces.
You spent 195 gold pieces at shops.

Inventory:

Hand Weapons
 a - a +3 spear of freezing
 n - a +2 flail of protection (weapon)
 A - a +2 flail of holy wrath
 H - a +0 giant spiked club
 I - a +0 vampiric war axe
 L - a +2 flail of venom
 N - the +1 war axe of Urazione {drain, rC+ Str+5}
   (You bought it in a shop on level 3 of the Dungeon)

   A truly terrible weapon, it drains the life of any living foe it strikes.
   Str:       It affects your strength (+5).
   rC:        It protects you from cold.
 R - the +2 whip "Befuopp" {elec, Str+8}
   (You found it on level 8 of the Dungeon)

   It occasionally discharges a powerful burst of electricity upon striking a
   foe.
   Str:       It affects your strength (+8).
 U - a +0 shortbow of flaming
 X - a +2 short sword of speed
Missiles
 c - 448 stones (quivered)
 e - 61 bolts
 l - 34 poisoned darts
 x - 51 arrows
 F - 13 sling bullets
 T - 2 silver boomerangs
 Z - 3 large rocks
Armour
 b - a +1 robe (worn)
 m - a +0 kite shield (worn)
Magical Staves
 E - a staff of cold
Jewellery
 d - a +6 ring of strength (left claw)
 i - an amulet of guardian spirit
 r - a ring of magical power
 y - a ring of protection from cold
 C - a ring of protection from fire
 D - an amulet of the acrobat (around neck)
 P - a +4 ring of evasion (right claw)
Wands
 q - a wand of mindburst (32)
 O - a wand of iceblast (6)
 Q - a wand of flame (15)
 W - a wand of paralysis (2)
Scrolls
 h - a scroll of holy word
 k - 3 scrolls of vulnerability
 p - a scroll of blinking
 s - 2 scrolls of fear
 t - a scroll of torment
 B - a scroll of immolation
 J - 2 scrolls of noise
 V - a scroll of enchant armour
 Y - a scroll of teleportation
Potions
 f - a potion of mutation {unknown}
 g - 2 potions of lignification
 j - 3 potions of curing {unknown}
 o - a potion of resistance {unknown}
 u - 3 potions of brilliance {unknown}
 v - a potion of heal wounds {unknown}
 w - 2 potions of flight {unknown}
 z - a potion of cancellation {unknown}
 G - 2 potions of haste {unknown}
 K - a potion of might {unknown}
 M - a potion of invisibility {unknown}
 S - a potion of ambrosia {unknown}


   Skills:
 + Level 7.4 Fighting
 + Level 11.5 Maces & Flails
 + Level 7.7 Dodging
 + Level 3.1 Stealth
 + Level 0.9 Shields


You had 10 spell levels left.
You didn't know any spells.
Your spell library contained the following spells:

 Spells                   Type           Power      Damage    Failure   Level
 Blink                    Tloc           0%         N/A       89%         2
 Ensorcelled Hibernation  Hex/Ice        0%         N/A       89%         2
 Passwall                 Tmut/Erth      0%         N/A       89%         2
 Sublimation of Blood     Necr           0%         N/A       89%         2
 Wereblood                Tmut           0%         N/A       89%         2
 Swiftness                Air            0%         N/A       98%         3
 Manifold Assault         Tloc           0%         N/A       100%        5
 Storm Form               Tmut/Air       0%         N/A       100%        7
 Summon Hydra             Summ           0%         N/A       100%        7


Dungeon Overview and Level Annotations

Branches:
Dungeon (10/15)            Temple (1/1) D:7
   Lair: D:8-11         Orc: D:9-12

Altars:
Ashenzari
Cheibriados
Dithmenos
Elyvilon
Fedhas
Gozag
Hepliaklqana
Kikubaaqudgha
Makhleb
Nemelex Xobeh
Okawaru
Qazlal
Ru
Sif Muna
Trog
Uskayaw
Vehumet
Wu Jian
Xom
Yredelemnul
Zin
The Shining One
Beogh

Shops:
D:3 (

Annotations:
D:7 2 transporters, Aneyh's ghost, novice TeFi


Innate Abilities, Weirdness & Mutations

Your life essence is reduced to manifest your ancestor. (-10% HP)
You are too large for most types of armour.
You have claws for hands.
Your natural rate of healing is unusually fast.
You are covered in fur. (AC +1)
You have tough skin. (AC +1)


Message History

You destroy the molten gargoyle!
The molten gargoyle blasts magma at you!
The bolt of magma misses you.
Mirna closely misses the molten gargoyle.
You hit the molten gargoyle but do no damage.
You block the molten gargoyle's attack.
Mirna hits the molten gargoyle with a +0 quarterstaff!
You barely miss the molten gargoyle.
The molten gargoyle is heavily damaged.
The molten gargoyle hits you with a +4 mace.
You are engulfed in flames!
Mirna completely misses the molten gargoyle.
You hit the molten gargoyle but do no damage.
The molten gargoyle is heavily damaged.
The molten gargoyle blasts magma at you!
The bolt of magma hits you!!
* * * LOW HITPOINT WARNING * * *
Mirna barely misses the molten gargoyle.
You swap places.
The molten gargoyle blasts magma at you!
The bolt of magma misses you.
Mirna hits the molten gargoyle with a +0 quarterstaff.
Things that are here:
a +0 club; 31 stones; a +0 scale mail Mirna casts a spell at the molten gargoyle.
The puff of frost hits the molten gargoyle but does no damage.
Mirna gestures at the molten gargoyle while chanting.
The puff of frost hits the molten gargoyle.
There is a stone staircase leading up, spattered with blood here.
You can't go down here!
You block the molten gargoyle's attack.
You climb upwards.
There is a stone staircase leading down, spattered with blood here.
You hit the molten gargoyle but do no damage.
Your weapon exudes an aura of protection.
The molten gargoyle is heavily damaged.
The molten gargoyle hits you with a +4 mace!!
* * * LOW HITPOINT WARNING * * *
You are engulfed in flames!
You die...

######## ##### .......# #...#
.......##########...#
.......##.......#...#####
.......##.......#...#...####
.......##.....[.#...#......#
........'.......'..........#
##...####......)#†#.#.....)#
.'.............[@†..#......#
##...#######...).9..#......#
##...#........###..##......#
...................##......#
.##........................#
.##.........#.####.........#
.##.........#...##.........#
.##.........#...##.........######
.##......####...#................


You could see a molten gargoyle.

Vanquished Creatures
  A centaur warrior (D:9)
  A two-headed ogre (D:5)
  2 centaur zombies (D:10)
  A molten gargoyle (D:10)
  A troll (D:10)
  11 yaks
  3 vampire mosquitoes
  2 water moccasins
  Duvessa (D:6)
  An orc warrior (D:10)
  A black bear (D:7)
  A hornet zombie (D:5)
  A necrophage (D:3)
  3 ogres
  A centaur (D:10)
  A phantom (D:4)
  3 bullfrogs
  A kobold brigand (D:8)
  A gnoll sergeant (D:5)
  A wyvern zombie (D:4)
  2 scorpions (D:4)
  2 wyvern skeletons (D:7)
  Dowan (D:6)
  2 water moccasin skeletons
  3 killer bees (D:9)
  A howler monkey (D:4)
  A hound (D:5)
  2 jellies
  A bullfrog zombie (D:6)
  7 orc priests
  A bullfrog skeleton (D:4)
  2 iguanas
  5 orc wizards
  2 howler monkey zombies
  Robin (D:3)
  13 gnolls
  4 adders
  A white imp (D:5)
  An adder skeleton (D:4)
  A worm (D:4)
  8 dart slugs
  28 orcs
  5 ball pythons
  4 bats
  5 endoplasms
  A giant cockroach (D:1)
  14 hobgoblins
  6 jackals
  2 quokkas
  5 frilled lizards
  14 goblins
  A jackal skeleton (D:3)
  11 kobolds
  8 rats
  A bush (D:1)
204 creatures vanquished.

Vanquished Creatures (collateral kills)
  A two-headed ogre (D:8)
  Pikel (D:9)
  A shadow (D:10)
  3 yaks (D:9)
  An ice beast (D:8)
  3 orc warriors
  2 kobold brigands
  A gnoll sergeant (D:10)
  A scorpion (D:7)
  8 killer bees
  A howler monkey (D:9)
  An orc priest (D:9)
  A gnoll shaman (D:8)
  3 orc wizards
  A howler monkey zombie (D:9)
  3 gnolls
  10 orcs
  7 kobolds
49 creatures vanquished.

Vanquished Creatures (others)
  4 battlemagi
  A bat (D:3)
  27 plants
32 creatures vanquished.

Grand Total: 285 creatures vanquished

Notes
Turn   | Place    | Note
-------+----------+-------------------------------------------
     0 | D:1      | issech the Troll Monk began the quest for the Orb.
     0 | D:1      | Reached XP level 1. HP: 22/22 MP: 0/0
    63 | D:1      | Reached skill level 3 in Maces & Flails
   120 | D:1      | Reached XP level 2. HP: 29/29 MP: 1/1
   456 | D:1      | Reached XP level 3. HP: 36/36 MP: 2/2
  1819 | D:3      | Found Maakhelu's Antique Weapon Shoppe.
  1854 | D:3      | Reached XP level 4. HP: 41/44 MP: 3/3
  1890 | D:3      | Noticed a necrophage
  1908 | D:3      | Killed a necrophage
  1909 | D:3      | Reached skill level 4 in Maces & Flails
  1909 | D:3      | Reached XP level 5. HP: 43/53 MP: 4/4
  2219 | D:3      | Noticed Robin
  2237 | D:3      | Killed Robin
  2560 | D:4      | Reached XP level 6. HP: 33/61 MP: 1/5
  2781 | D:4      | Reached skill level 5 in Maces & Flails
  3024 | D:4      | Reached XP level 7. HP: 67/67 MP: 6/6
  3121 | D:4      | Reached skill level 6 in Maces & Flails
  3589 | D:5      | Entered Level 5 of the Dungeon
  4138 | D:5      | Reached skill level 7 in Maces & Flails
  4138 | D:5      | Reached XP level 8. HP: 50/78 MP: 7/7
  4517 | D:5      | Noticed a two-headed ogre
  4528 | D:5      | Killed a two-headed ogre
  4529 | D:5      | Reached skill level 8 in Maces & Flails
  4733 | D:6      | Reached skill level 5 in Fighting
  4754 | D:6      | Reached skill level 5 in Dodging
  4754 | D:6      | Reached XP level 9. HP: 75/88 MP: 8/8
  4971 | D:6      | Reached skill level 9 in Maces & Flails
  5277 | D:6      | Noticed Duvessa
  5278 | D:6      | Noticed Dowan
  5286 | D:6      | Killed Duvessa
  5297 | D:6      | Killed Dowan
  5741 | D:3      | Bought a scorched war axe for 195 gold pieces
  5741 | D:3      | Identified the +1 war axe of Urazione {drain, rC+ Str+5}
                  | (You bought it in a shop on level 3 of the Dungeon)
  5769 | D:3      | You fall into a shaft and drop 2 floors!
  5853 | D:7      | Found a transporter.
  5876 | D:7      | Noticed a moth of wrath
  5877 | D:7      | Found a bloodstained altar of Trog.
  5877 | D:7      | Noticed Aneyh's ghost (novice TeFi)
  5894 | D:7      | Found a transporter.
  6327 | D:7      | Reached skill level 10 in Maces & Flails
  6455 | D:7      | Found a staircase to the Ecumenical Temple.
  6465 | Temple   | Entered the Ecumenical Temple
  6537 | Temple   | Became a worshipper of Hepliaklqana the Forgotten
  6537 | Temple   | Reached * piety under Hepliaklqana
  6537 | Temple   | Reached ** piety under Hepliaklqana
  6538 | Temple   | Remembered your ancestor Mirna as a battlemage
  6719 | D:7      | Identified the +4 ring mail of Light {-Tele rC+ Str+2}
  6781 | D:7      | Reached XP level 10. HP: 45/88 MP: 9/9
  7161 | D:8      | Noticed a two-headed ogre
  7169 | D:8      | Killed a two-headed ogre
  7283 | D:8      | Identified the +2 whip "Befuopp" {elec, Str+8}
  7824 | D:9      | Noticed Pikel
  7836 | D:9      | Killed Pikel
  8287 | D:10     | Entered Level 10 of the Dungeon
  8552 | D:9      | Found a broken altar of Ashenzari.
  8718 | D:9      | Noticed a centaur warrior
  8734 | D:9      | Killed a centaur warrior
  8735 | D:9      | Reached skill level 11 in Maces & Flails
  9405 | D:10     | Reached XP level 11. HP: 98/98 MP: 10/10
  9456 | D:10     | Reached *** piety under Hepliaklqana
 10121 | D:9      | HP: 2/98 [molten gargoyle (18)]
 10121 | D:9      | Mangled by a molten gargoyle

Illustrated notes

Levels and vault maps discovered:
D:1:      roderic_octagonal_star, layout_loops_ring, serial_forest,
          infiniplex_forest_clump_long, infiniplex_forest_straight_2,
          infiniplex_forest_join, infiniplex_forest_end_3,
          infiniplex_forest_straight_3, infiniplex_forest_corner_2,
          minmay_pentomino_u2
D:2:      layout_loops_ring
D:3:      layout_rooms, serial_shops, nicolae_shop_hallway_stairs,
          chequers_garden, minmay_fractal_squares_5, uniq_robin
D:4:      layout_loops_ring, serial_bayou, serial_bayou_pond_c,
          serial_bayou_crossing, serial_bayou_lagoon_a, serial_bayou_lagoon_b
D:5:      layout_basic
D:6:      layout_gridville, dk_noncrumbling_3, uniq_duvessa
D:7:      layout_loops_ring, lemuel_temple_firewalk_b,
          gammafunk_ghost_wrathful_warriors
D:8:      layout_cave_pools
D:9:      layout_basic, lemuel_round_altar, special_room [special_room_orc],
          uniq_pikel
D:10:     layout_rooms, minivault_8
Temple:   grunt_wide_crystal_templ

Skill      XL: |  1  2  3  4  5  6  7  8  9 10 |
---------------+-------------------------------+-----
Maces & Flails | 3 4 5 7 8 10 11 | 11.5
Fighting       | 3 4 5 6 7 |  7.4
Dodging        | 3 4 5 7 |  7.7
Stealth        | 2 3 |  3.1
Shields        | |  0.9

Action                   |  1- 3 |  4- 6 |  7- 9 | 10-12 || total
-------------------------+-------+-------+-------+-------++-------
Melee: Mace              |   231 |    68 |       |       ||   299
       Punch             |     4 |     3 |     2 |     4 ||    13
       Flail             |       |   104 |   325 |   200 ||   629
Invok: Ancestor Life: Ba |       |       |     1 |       ||     1
  Use: Scroll            |       |     4 |     7 |     2 ||    13
 Stab: Sleeping          |     2 |     1 |     4 |       ||     7
       Distracted        |       |       |       |     1 ||     1
Armor: Robe              |    47 |   103 |   120 |    89 ||   359
Dodge: Dodged            |    61 |   136 |   174 |   221 ||   592
Block: Kite shield       |       |       |       |    29 ||    29
